 Dungeon Crawl Stone Soup version 0.20.1-1-g8b1a95d (webtiles) character file.

64 Mesmaeker13 the Vexing (level 3, 0/24 HPs)
             Began as a Vampire Enchanter on Dec 24, 2017.
             Slain by Mesmaeker13's ghost (10 damage)
             ... on level 3 of the Dungeon.
             The game lasted 00:03:51 (2842 turns).

Mesmaeker13 the Vexing (Vampire Enchanter)          Turns: 2842, Time: 00:03:52

Health: 0/24       AC:  6    Str:  7    XL:     3   Next: 91%
Magic:  6/6        EV: 13    Int: 17    God:
Gold:   103        SH:  0    Dex: 15    Spells: 2/6 levels left

rFire    . . .     SeeInvis +   a - +1 dagger
rCold    + . .     Gourm    .   (no shield)
rNeg     + + .     Faith    .   b - +0 robe
rPois    +         Spirit   .   n - +2 helmet
rElec    .         Reflect  .   (no cloak)
rCorr    .         Harm     .   (no gloves)
MR       .....                  e - +0 pair of boots
Stlth    ++++......             (no amulet)
Regen    0.1/turn               (no ring)
MPRegen  0.1/turn               (no ring)

@: regenerating slowly
A: fangs 3, see invisible, unbreathing
a: Bat Form


You were on level 3 of the Dungeon.
You were thirsty.

You visited 1 branch of the dungeon, and saw 3 of its levels.

You collected 103 gold pieces.

Inventory:

Hand Weapons
 a - a +1 dagger (weapon)
Missiles
 k - 2 needles of frenzy
Armour
 b - a +0 robe (worn)
 e - a +0 pair of boots (worn)
 n - a +2 helmet (worn)
Scrolls
 f - a scroll of identify
 j - 3 scrolls of remove curse
 l - a scroll of fog
 p - a scroll of teleportation
Potions
 d - 4 potions of blood
 g - 2 potions of curing {unknown}
 h - 3 potions of degeneration {unknown}
 i - a potion of cancellation {unknown}
 m - 2 potions of haste
 o - a potion of lignification {unknown}
 q - a potion of might {unknown}
Books
 c - a book of Maledictions

   Spells                             Type                      Level
   a - Corona                         Hexes                        1
   b - Ensorcelled Hibernation        Hexes/Ice                    2
   c - Confuse                        Hexes                        3
   d - Tukima's Dance                 Hexes                        3
   e - Dazzling Spray                 Conjuration/Hexes            3


   Skills:
 + Level 1.9 Short Blades
 + Level 3.1 Dodging
 + Level 5.2 Stealth
 - Level 2.0 Spellcasting
 + Level 5.4 Hexes


You had 2 spell levels left.
You knew the following spells:

 Your Spells              Type           Power        Failure   Level  Hunger
a - Corona                Hex            ###....      1%          1    #......
b - Confuse               Hex            ###.....     6%          3    ###....


Dungeon Overview and Level Annotations

Branches:
Dungeon (3/15)

Altars:
Trog

Annotations:
D:3 Mesmaeker13's ghost, amateur OgGl


Innate Abilities, Weirdness & Mutations

You heal slowly.
You have razor-sharp teeth.
You have supernaturally acute eyesight. (SInv)
You can survive without breathing.


Message History

You kill the quokka!
You start resting.
Magic restored.
You now have 103 gold pieces (gained 8).
q - a murky emerald potion HP restored.
A kobold comes into view. It is wielding a club.
The kobold shouts!
Mesmaeker13's ghost turns its malevolent gaze towards you.
You hit Mesmaeker13's ghost.
Mesmaeker13's ghost is lightly damaged.
Mesmaeker13's ghost hits you!
Ouch! That really hurt!
Press: ? - help, v - describe, . - travel
Here: Mesmaeker13's ghost (lightly damaged)
The floor.
Mesmaeker13's ghost closely misses you.
You are feeling thirsty.
There is a stone staircase leading up here.
Mesmaeker13's ghost hits you!
You die...

#.........####.######.####.###
#..........# #.##.............
####......K# #...K#####.#..###
#.......# ##########.#.##
#.......# #............#
#......K####.#######....#
#................<##....###
..........W....###.##....##.
#...........@...# #.##....##.
#...............# #.########.
#...............# #.# #.
...............# #.# #)
#..........#.## #.# #.
##.#####....####.########. #.
#.#....##..........
#.#.##.##..########
..#.##[....#


You could see Mesmaeker13's ghost and a kobold.

Vanquished Creatures
  An adder (D:2)
  An ooze (D:1)
  A worm (D:2)
  A dart slug (D:1)
  2 leopard geckos
  6 bats
  3 giant cockroaches
  5 hobgoblins
  4 jackals (D:2)
  4 kobolds
  A quokka (D:3)
  A ball python (D:3)
  3 frilled lizards
  5 goblins
  3 rats
41 creatures vanquished.

Notes
Turn   | Place    | Note
-------+----------+-------------------------------------------
     0 | D:1      | Mesmaeker13 the Vampire Enchanter began the quest for the Orb.
     0 | D:1      | Reached XP level 1. HP: 13/13 MP: 3/3
   675 | D:1      | Reached XP level 2. HP: 16/19 MP: 1/5
  1053 | D:1      | Reached skill level 5 in Hexes
  1480 | D:2      | Reached XP level 3. HP: 20/24 MP: 6/6
  2507 | D:3      | Noticed Mesmaeker13's ghost (amateur OgGl)
  2514 | D:3      | Found a bloodstained altar of Trog.
  2523 | D:3      | Reached skill level 5 in Stealth
  2542 | D:3      | Learned a level 3 spell: Confuse
  2842 | D:3      | Slain by Mesmaeker13's ghost

Skill      XL: |  1  2  3 |
---------------+----------+-----
Hexes          | 5 |  5.4
Dodging        | 3 |  3.1
Stealth        | 5 |  5.2
Short Blades   | |  1.9
Spellcasting   | |  2.0

Action                   || total
-------------------------++-------
Melee: Dagger            ||   176
       Bite              ||    15
 Cast: Corona            ||    18
  Use: Scroll            ||     4
       Potion            ||     3
 Stab: Sleeping          ||    10
  Eat: Corpse            ||     1
Armor: Robe              ||    53
Dodge: Dodged            ||   126
